 Dungeon Crawl Stone Soup version 0.20-a0-1101-g1de9d76 (webtiles) character file.

175742 JiminyMac the Executioner (level 17, -1/184 HPs)
             Began as a Minotaur Berserker on May 1, 2017.
             Was a High Priest of Trog.
             Killed from afar by a crystal guardian (13 damage)
             ... with a crystal bolt
             ... on level 3 of the Elven Halls on May 4, 2017.
             The game lasted 04:56:23 (38425 turns).

JiminyMac the Executioner (Minotaur Berserker)     Turns: 38425, Time: 04:56:27

Health: -1/184     AC: 38    Str: 35    XL:     17   Next: 48%
Magic:  5/5        EV: 13    Int:  4    God:    Trog [*****.]
Gold:   2653       SH:  0    Dex: 24    Spells: 16/16 levels left

rFire    + . .     SeeInvis .   T - +9 executioner's axe (antimagic)
rCold    . . .     Gourm    .   (shield currently unavailable)
rNeg     . . .     Faith    .   A - +2 crystal plate armour of Gravity {*Slow Str+5 Dex+3}
rPois    .         Spirit   .   f - +1 hat
rElec    .         Reflect  .   M - +1 cloak {+Inv}
rCorr    .         Harm     .   s - +2 pair of gloves {Dex+3}
MR       +++..                  P - +2 pair of boots {run}
Stlth    ..........             Y - amulet of regeneration
Regen    1.8/turn               C - +4 ring of dexterity
MPRegen  0.1/turn               x - +3 ring of strength

@: lethally poisoned (-1 -> -1), regenerating, slowed, drained, very slow
A: retaliatory headbutt, horns 2, thin skeletal structure 1, fire resistance 1,
[low mp 1], robust 1, screaming 1
a: Berserk, Trog's Hand, Brothers in Arms, Burn Spellbooks, Renounce Religion,
Evoke Invisibility


You were on level 3 of the Elven Halls.
You worshipped Trog.
Trog was extremely pleased with you.
You were not hungry.

You visited 5 branches of the dungeon, and saw 27 of its levels.
You visited the Abyss 2 times.
You also visited: Labyrinth and Ice Cave.

You collected 2798 gold pieces.
You spent 145 gold pieces at shops.

Inventory:

Hand Weapons
 h - the +8 broad axe of Owous {protect, *Rage rPois rC+++ rN++ MR-}
   (You found it on level 3 of the Lair of Beasts)

   It protects the one who uses it against injury (+AC on strike).
   It renders you almost immune to cold.
   It protects you from poison.
   It greatly protects you from negative energy.
   It affects your resistance to hostile enchantments.
   It may make you go berserk in combat.
 B - the +8 halberd of Indignation {chop, MR+ Str+7 Int-5 Stlth+}
   (Trog gifted it to you on level 2 of the Orcish Mines)

   It inflicts extra damage upon your enemies.
   It affects your strength (+7).
   It affects your intelligence (-5).
   It affects your resistance to hostile enchantments.
   It makes you more stealthy.
 L - a +1 demon whip of electrocution
 T - a +9 antimagic executioner's axe (weapon)
Armour
 f - a +1 hat (worn)
 s - a +2 pair of gloves of dexterity (worn)
 A - the +2 crystal plate armour of Gravity (worn) {*Slow Str+5 Dex+3}
   (You acquired it on level 13 of the Dungeon)

   It affects your strength (+5).
   It affects your dexterity (+3).
   It may slow you when you take damage.
 M - a +1 cloak of invisibility (worn)
 P - a +2 pair of boots of running (worn)
 V - a +4 plate armour of poison resistance
Jewellery
 r - an uncursed ring of see invisible
 x - a +3 ring of strength (right hand)
 C - a +4 ring of dexterity (left hand)
 K - an uncursed ring of positive energy
 W - an uncursed ring of poison resistance
 Y - an amulet of regeneration (around neck)
Wands
 a - a wand of disintegration (10/24)
 g - a wand of confusion (14/48)
 j - a wand of clouds (5/9)
 v - a wand of lightning (4/15)
 w - a wand of iceblast (11/15)
 y - a wand of paralysis (12/24)
 z - a wand of disintegration (13/24)
 N - a wand of acid (3/15)
 O - a wand of iceblast (14/15)
 X - a wand of disintegration (12/24)
 Z - a wand of confusion (25/48)
Scrolls
 b - 6 scrolls of blinking
 c - a scroll of magic mapping
 l - 9 scrolls of identify
 p - 7 scrolls of fog
 t - 9 scrolls of teleportation
 u - 2 scrolls of holy word
 F - a scroll of recharging
 H - 8 scrolls of remove curse
 J - 5 scrolls of fear
Potions
 e - 7 potions of might
 i - 13 potions of curing
 k - 2 potions of flight
 o - a potion of resistance
 q - 5 potions of agility
 G - 3 potions of haste
 I - 2 potions of cancellation
Books
 U - a book of Flames

   Spells                             Type                      Level
   a - Flame Tongue                   Conjuration/Fire             1
   b - Throw Flame                    Conjuration/Fire             2
   c - Conjure Flame                  Conjuration/Fire             3
   d - Inner Flame                    Hexes/Fire                   3
   e - Sticky Flame                   Conjuration/Fire             4
   f - Fireball                       Conjuration/Fire             5
   Trog disapproves of the use of such an item.
Miscellaneous
 D - 2 sacks of spiders
 Q - a phantom mirror
 S - a crystal ball of energy
Comestibles
 d - 2 fruits
 m - 14 royal jellies
 n - 10 meat rations
 R - 7 chunks of flesh


   Skills:
 + Level 19.4(19.0) Fighting
 - Level 21.9(21.8) Axes
 - Level 4.3(15.1) Maces & Flails
 - Level 5.9(15.5) Polearms
 * Level 17.5(17.1) Armour
 + Level 8.1(7.8) Dodging
 - Level 4.3(4.0) Evocations


You had 16 spell levels left.
You didn't know any spells.

Dungeon Overview and Level Annotations

Branches:
Dungeon (15/15)            Temple (0/1) D:5            Lair (6/6) D:10
 Shoals (1/4) Lair:3        Snake (0/4) Lair:4        Slime (0/5) Lair:5
    Orc (2/2) D:11            Elf (3/3) Orc:2        Vaults (0/5) D:13
 Depths (0/5) D:15

Altars:
Ashenzari
Elyvilon
Gozag
Hepliaklqana
Okawaru
Ru
Sif Muna
Trog
Uskayaw
Vehumet
Wu Jian
Yredelemnul
Zin
Jiyva

Shops:
D:6 *   D:9 [   Orc:1 (   Orc:2 }*%*   Elf:2 %%

Annotations:
Lair:6 exclusion: 3 oklob plants
Elf:2 5 runed doors


Innate Abilities, Weirdness & Mutations

You reflexively headbutt those who attack you in melee.
You have a pair of horns on your head.
You have a somewhat thin skeletal structure. (Dex +2, Stealth)
Your flesh is heat resistant. (rF+)
You are robust. (+10% HP)
You occasionally shout uncontrollably at your foes.
[Your magical capacity is low. (-10% MP)]


Message History

Your troll claws the deep elf annihilator!!
Your troll claws the deep elf annihilator.
You feel sick.
Your troll bites the deep elf annihilator!!
The deep elf annihilator dies!
Trog accepts your kill.
Trog appreciates your killing of a magic user.
You feel the corruption within you wane somewhat.
You feel more energetic.
The crystal guardian fires a crystalline bolt at you.
The crystal bolt freezes you!
* * * LOW HITPOINT WARNING * * *
You see here 11 gold pieces.
You hit the crystal guardian but do no damage.
You headbutt the crystal guardian.
The crystal guardian is lightly damaged.
You feel sick.
The crystal guardian fires a crystalline bolt at you.
The crystal bolt burns you! You resist.
You die...

##############
#$)e8@T))%[$.}
#'##$H$)[$$=)}
###########
... # ...... #
......


You could see a deep elf annihilator, a crystal guardian, a friendly larval
stingweird beast and a friendly troll (berserk).

Vanquished Creatures
  2 sphinxes (D:13)
  2 tentacled starspawn (Abyss:2)
  Kirke (D:12)
  A fire giant (D:13)
  A frost giant (Abyss:2)
  A deep elf sorcerer (Elf:1)
  A balrug (Abyss:2)
  The ghost of moogleknight the Covert, a journeyman OpEn of Dithmenos (Elf:1)
  A deep elf elementalist (Elf:1)
  2 very ugly things (Abyss:2)
  A war gargoyle (D:13)
  2 deep elf annihilators
  Snorg (Lair:3)
  An ettin (D:13)
  A fire dragon (Lair:6)
  Josephine (Orc:2)
  An ogre mage (D:13)
  A minotaur (Lab)
  Fannar (Orc:1)
  A great orb of eyes (D:15)
  A rakshasa (Abyss:2)
  A hydra (Lair:1)
  Erica (D:10)
  2 centaur warriors
  A death knight (D:11)
  11 two-headed ogres
  4 tengu warriors
  2 thrashing horrors (Abyss:2)
  Urug (D:12)
  A death yak (Lair:5)
  The ghost of Guenter the Cleaver, a journeyman VSWn of Okawaru (D:11)
  2 deep troll earth magi (D:13)
  6 dancing weapons
  4 orc high priests
  Nergalle (Lair:2)
  The ghost of Guenter the Cleaver, a journeyman VSWn of Okawaru (Orc:1)
  Sonja (Lair:1)
  10 skeletal warriors
  A sun demon (Abyss:2)
  3 deep elf knights
  A sixfirhy (Abyss:2)
  The ghost of enarc13 the Spear-Bearer, a novice CeGl of Yredelemnul (D:7)
  3 deep elf archers
  A shadow demon (Abyss:2)
  4 unseen horrors
  8 large abominations (Abyss:2)
  9 orc knights
  Pikel (D:4)
  2 phantasmal warriors
  A wolf spider zombie (D:15)
  A necromancer (IceCv)
  A lindwurm (Lair:6)
  A wolf spider (D:15)
  A cyclops (D:14)
  31 deep elf magi
  6 orc sorcerers
  6 ugly things
  A salamander (D:15)
  4 manticores
  3 black mambas
  4 centaur skeletons
  16 elephants
  A merfolk siren (Lair:3)
  A guardian serpent (Lair:4)
  An ice statue (IceCv)
  7 spiny frogs
  A spiny frog (shapeshifter) (D:13)
  3 gargoyles
  An efreet (D:15)
  A tormentor (Abyss:2)
  A dire elephant skeleton (Abyss:2)
  A yaktaur (D:13)
  11 rime drakes
  9 komodo dragons
  A kobold demonologist (D:15)
  11 freezing wraiths
  2 ancient zymes (Abyss:2)
  2 tengu conjurers
  6 hornets
  9 polar bears
  8 trolls
  2 merfolk
  A wolf spider simulacrum (Abyss:2)
  A jumping spider (shapeshifter) (D:15)
  2 raiju (Abyss:2)
  5 slime creatures (D:12)
  15 blink frogs
  11 hippogriffs
  A dream sheep (Lair:6)
  2 shadows
  4 air elementals
  11 starcursed masses (Abyss:2)
  13 spriggans
  2 water elementals
  4 ynoxinuls (Abyss:2)
  6 wyverns
  2 vampires
  Eustachio (D:6)
  16 humans (D:13)
  11 wraiths
  56 yaks
  3 basilisks
  A fire elemental (Elf:2)
  8 hungry ghosts
  4 hogs (D:12)
  A neqoxec (Abyss:2)
  11 steam dragons (Lair:6)
  10 vampire mosquitoes
  3 wargs
  16 water moccasins
  An acid dragon (D:13)
  Duvessa (D:4)
  11 porcupines
  A hell hound (Abyss:2)
  29 orc warriors
  A slave (D:4)
  12 ice beasts
  2 black bears (Lair:6)
  2 eyes of draining
  12 ogres
  2 phantoms
  2 necrophages (D:7)
  34 wolves
  An alligator simulacrum (IceCv)
  5 boggarts
  15 centaurs
  15 crocodiles
  A snapping turtle skeleton (Abyss:2)
  An elf zombie (D:7)
  5 small abominations (Abyss:2)
  2 big kobolds
  23 bullfrogs
  2 earth elementals (Elf:2)
  8 scorpions
  Dowan (D:4)
  7 killer bees
  12 wights
  6 electric eels
  5 crimson imps
  4 draconian simulacra (IceCv)
  5 jellies
  2 centaur zombies
  4 human zombies (D:7)
  2 quasits
  A bullfrog zombie (D:13)
  7 hounds
  21 orc wizards
  22 orc priests
  3 bullfrog skeletons
  4 iguanas
  17 worker ants
  2 human skeletons (D:7)
  9 hell rats
  A spriggan simulacrum (IceCv)
  2 polar bear simulacra (IceCv)
  5 troll simulacra (IceCv)
  A wolf simulacrum (IceCv)
  3 centaur simulacra (IceCv)
  A hound zombie (D:10)
  A hound skeleton (D:5)
  2 worker ant zombies
  10 gnolls
  4 naga simulacra (IceCv)
  10 river rats (Lair:5)
  18 adders
  3 ogre simulacra (IceCv)
  3 shadow imps
  26 white imps
  An ufetubus (Abyss:2)
  3 oozes
  An adder skeleton (D:4)
  3 worms
  2 dart slugs
  5 leopard geckos
  86 orcs
  A ball python (D:4)
  3 giant cockroaches
  10 goblins
  12 hobgoblins
  12 kobolds
  5 quokkas
  2 bats (D:2)
  9 frilled lizards
  A quokka skeleton (D:6)
  8 rats
  2 bushes
  A butterfly (D:5)
  9 fungi
  8 plants
1081 creatures vanquished.

Vanquished Creatures (collateral kills)
  A deep elf sorcerer (Elf:3)
  Nessos (D:13)
  A deep elf annihilator (Elf:3)
  8 hydras
  A skeletal warrior (D:12)
  An ugly thing (D:13)
  A spiny frog (Lair:2)
  2 merfolk (Lair:3)
  A water moccasin (Lair:5)
17 creatures vanquished.

Vanquished Creatures (others)
  A smoke demon (Abyss:2)
  3 humans (D:12)
  A water moccasin (Lair:6)
  A boggart (Lair:6)
  A bullfrog zombie (D:11)
  Ijyb (D:4)
  2 orc wizards
  A leopard gecko (D:11)
  An orc (D:11)
  A frilled lizard (D:4)
  A bush (D:7)
  21 fungi
  A lurking horror (Abyss:2)
  12 plants
  6 starspawn tentacles (Abyss:2)
54 creatures vanquished.

Grand Total: 1152 creatures vanquished

Notes
Turn   | Place    | Note
-------+----------+-------------------------------------------
     0 | D:1      | JiminyMac the Minotaur Berserker began the quest for the Orb.
     0 | D:1      | Reached XP level 1. HP: 19/19 MP: 0/0
   320 | D:1      | Reached skill level 4 in Axes
   324 | D:1      | Reached XP level 2. HP: 17/27 MP: 1/1
  1044 | D:2      | Reached XP level 3. HP: 33/33 MP: 2/2
  1141 | D:2      | Found a shattered altar of Ashenzari.
  1470 | D:2      | Reached XP level 4. HP: 40/40 MP: 3/3
  1625 | D:2      | Reached ** piety under Trog
  1625 | D:2      | Reached skill level 5 in Axes
  2021 | D:3      | Reached XP level 5. HP: 47/47 MP: 4/4
  2105 | D:3      | Reached skill level 6 in Axes
  2213 | D:3      | Reached *** piety under Trog
  2346 | D:3      | Found an ornate altar of the Wu Jian Council.
  2492 | D:4      | Noticed Duvessa
  2493 | D:4      | Noticed Dowan
  2512 | D:4      | Killed Dowan
  2512 | D:4      | Reached XP level 6. HP: 55/55 MP: 5/5
  2516 | D:4      | Killed Duvessa
  2516 | D:4      | Reached skill level 5 in Fighting
  2532 | D:4      | Reached skill level 5 in Armour
  2584 | D:4      | Reached skill level 7 in Axes
  2696 | D:4      | Found an iron altar of Okawaru.
  2797 | D:4      | Noticed Pikel
  2797 | D:4      | Noticed a slave
  2797 | D:4      | Noticed a slave
  2797 | D:4      | Noticed a slave
  2797 | D:4      | Noticed a slave
  2810 | D:4      | Killed a slave
  2811 | D:4      | Killed Pikel
  2811 | D:4      | Reached skill level 8 in Axes
  2811 | D:4      | Reached XP level 7. HP: 34/63 MP: 6/6
  3012 | D:4      | Killed Ijyb
  3199 | D:4      | Reached skill level 1 in Maces & Flails
  3240 | D:4      | Reached XP level 8. HP: 71/71 MP: 7/7
  3262 | D:5      | Entered Level 5 of the Dungeon
  3743 | D:5      | Found a staircase to the Ecumenical Temple.
  3978 | D:5      | Reached **** piety under Trog
  4348 | D:5      | Reached skill level 9 in Axes
  4831 | D:6      | Found Wadaon's General Store.
  4922 | D:6      | Reached skill level 10 in Axes
  4932 | D:6      | Found a bloodstained altar of Trog.
  5029 | D:6      | Reached XP level 9. HP: 64/79 MP: 2/8
  5093 | D:6      | Noticed Eustachio
  5107 | D:6      | Killed Eustachio
  5290 | D:6      | Reached skill level 11 in Axes
  5453 | D:6      | Found a deep blue altar of Sif Muna.
  5723 | D:7      | Reached skill level 12 in Axes
  5728 | D:7      | Noticed enarc13's ghost (novice CeGl)
  5742 | D:7      | Killed enarc13's ghost
  5742 | D:7      | Reached skill level 13 in Axes
  5900 | D:7      | Found a basalt altar of Yredelemnul.
  5968 | D:7      | Reached XP level 10. HP: 68/86 MP: 3/9
  6081 | D:7      | Reached skill level 14 in Axes
  6243 | D:7      | Found a white marble altar of Elyvilon.
  6771 | D:8      | Noticed a two-headed ogre
  6783 | D:8      | Killed a two-headed ogre
  6927 | D:8      | Reached skill level 15 in Axes
  6959 | D:8      | Found an opulent altar of Gozag.
  6960 | D:8      | Found a glowing silver altar of Zin.
  7069 | D:8      | Reached ***** piety under Trog
  7105 | D:8      | Noticed a two-headed ogre
  7111 | D:8      | Killed a two-headed ogre
  7330 | D:8      | Found a hazy altar of Hepliaklqana.
  7511 | D:8      | Reached skill level 16 in Axes
  7690 | D:9      | Noticed a two-headed ogre
  7698 | D:9      | Killed a two-headed ogre
  7855 | D:9      | Noticed a two-headed ogre
  7865 | D:9      | Killed a two-headed ogre
  7865 | D:9      | Reached XP level 11. HP: 63/92 MP: 3/10
  8009 | D:9      | Reached skill level 17 in Axes
  8179 | D:9      | Found Jaetod's Armour Emporium.
  8624 | D:10     | Entered Level 10 of the Dungeon
  9009 | D:10     | Found a staircase to the Lair.
  9102 | D:10     | Received a gift from Trog
  9633 | D:11     | Noticed Erica
  9635 | D:11     | Noticed Guenter's ghost (journeyman VSWn)
  9650 | D:10     | Reached skill level 1 in Polearms
  9841 | D:10     | Killed Erica
  9891 | D:11     | Killed Guenter's ghost
  9891 | D:11     | Reached skill level 10 in Fighting
  9968 | D:11     | Noticed a death knight
  9985 | D:11     | Killed a death knight
 10129 | D:11     | Noticed an unseen horror
 10141 | D:11     | Killed an unseen horror
 10389 | D:11     | Reached XP level 12. HP: 108/108 MP: 3/11
 10426 | D:11     | Noticed a two-headed ogre
 10430 | D:11     | Killed a two-headed ogre
 10454 | D:11     | Noticed a two-headed ogre
 10459 | D:11     | Killed a two-headed ogre
 10663 | D:11     | Noticed a two-headed ogre
 10670 | D:11     | Killed a two-headed ogre
 10673 | D:11     | Found a staircase to the Orcish Mines.
 10729 | D:11     | Got a fine arbalest
 10730 | D:11     | Identified the +11 arbalest of Tender Mercy {velocity, MR+} (You found it on level 11 of the Dungeon)
 11035 | D:11     | Reached skill level 5 in Polearms
 11495 | Lair:1   | Entered Level 1 of the Lair of Beasts
 11627 | Lair:1   | Noticed Sonja
 11639 | Lair:1   | Killed Sonja
 11639 | Lair:1   | Reached skill level 10 in Armour
 12188 | Lair:1   | Noticed an eight-headed hydra
 12196 | Lair:1   | Killed an eight-headed hydra
 13262 | Lair:2   | Noticed Nergalle
 13303 | Lair:2   | Killed Nergalle
 13787 | Lair:2   | Noticed a seven-headed hydra
 13806 | Lair:2   | Killed a six-headed hydra
 14255 | Lair:2   | Reached XP level 13. HP: 123/123 MP: 4/12
 14428 | Lair:3   | Got a slimy broad axe
 14429 | Lair:3   | Identified the +8 broad axe of Owous {protect, *Rage rPois rC+++ rN++ MR-} (You found it on level 3 of the Lair of Beasts)
 14600 | Lair:3   | Noticed Snorg
 14614 | Lair:3   | Killed Snorg
 14783 | Lair:3   | Found a staircase to the Shoals.
 14829 | Lair:3   | Upgraded the game from 0.20-a0-1085-g627af9b to 0.20-a0-1088-gd50b1d5
 14974 | Lair:3   | Received a gift from Trog
 16324 | Lair:4   | Found a staircase to the Snake Pit.
 17330 | Lair:4   | Upgraded the game from 0.20-a0-1088-gd50b1d5 to 0.20-a0-1093-g7ae0f1a
 17352 | Lair:5   | Found a staircase to the Slime Pits.
 17352 | Lair:5   | Found a viscous altar of Jiyva.
 17984 | Lair:5   | Reached skill level 15 in Fighting
 18092 | Lair:5   | Reached skill level 18 in Axes
 18416 | Lair:6   | Entered Level 6 of the Lair of Beasts
 18972 | Lair:6   | Gained mutation: Your flesh is heat resistant. (rF+) [potion of mutation]
 18972 | Lair:6   | Gained mutation: You have a somewhat thin skeletal structure. (Dex +2, Stealth) [potion of mutation]
 19134 | Lair:6   | Reached XP level 14. HP: 135/135 MP: 13/13
 19447 | Lair:6   | Reached skill level 19 in Axes
 20261 | Lair:5   | Received a gift from Trog
 21394 | Orc:1    | Entered Level 1 of the Orcish Mines
 21416 | Orc:1    | Noticed Fannar
 21497 | Orc:1    | Killed Fannar
 21582 | Orc:1    | Found Pimearij's Weapon Shop.
 21849 | Orc:2    | Entered Level 2 of the Orcish Mines
 21849 | Orc:2    | Found a frozen archway.
 21868 | IceCv    | Entered an ice cave
 21949 | IceCv    | Reached skill level 20 in Axes
 22205 | IceCv    | Found an ancient bone altar of Kikubaaqudgha.
 22234 | IceCv    | Received a gift from Trog
 22925 | Orc:2    | Paralysed by an orc sorcerer for 2 turns
 23161 | Orc:2    | Found a staircase to the Elven Halls.
 23511 | Orc:2    | Reached XP level 15. HP: 145/145 MP: 14/14
 23644 | Orc:2    | Upgraded the game from 0.20-a0-1093-g7ae0f1a to 0.20-a0-1101-g1de9d76
 24068 | Orc:2    | Found Amemn's Gadget Boutique.
 24068 | Orc:2    | Found Qeyqeg's General Store.
 24071 | Orc:2    | Found Nafatwedghun's Food Boutique.
 24071 | Orc:2    | Found Nebiunax's Assorted Antiques.
 24100 | Orc:2    | Bought a glowing lapis lazuli amulet for 145 gold pieces
 25541 | Orc:1    | Noticed Guenter's ghost (journeyman VSWn)
 25694 | Orc:1    | Killed Guenter's ghost
 25722 | Orc:1    | Reached ****** piety under Trog
 25790 | Orc:1    | Found a radiant altar of Vehumet.
 25810 | Orc:1    | Noticed Josephine
 25830 | Orc:2    | Killed Josephine
 25830 | Orc:2    | Received a gift from Trog
 25834 | Orc:2    | Got an encrusted halberd {god gift}
 25835 | Orc:2    | Lost intelligence.
 25835 | Orc:2    | Identified the +8 halberd of Indignation {chop, MR+ Str+7 Int-5 Stlth+} (Trog gifted it to you on level 2 of the Orcish Mines)
 26535 | D:12     | Found a labyrinth entrance.
 26535 | D:12     | Noticed Kirke
 26562 | D:12     | Killed Kirke
 26596 | Lab      | Entered a labyrinth
 27680 | Lab      | Identified the Collected Works on Assistive Transmigration
 27712 | D:12     | Identified a +2 pair of boots of running (You found it in a labyrinth)
 27770 | D:12     | Reached skill level 21 in Axes
 27810 | D:12     | Noticed Urug
 27820 | D:12     | Killed Urug
 29000 | D:13     | Found a gate to the Vaults.
 29000 | D:13     | Noticed Nessos
 29600 | D:13     | Received a gift from Trog
 29817 | D:13     | Reached skill level 15 in Armour
 29848 | D:13     | Killed Nessos
 29921 | D:13     | Got a shimmering chain mail
 29932 | D:13     | Identified the +6 chain mail "Fut Seug" {rC++ Str+6 Int-5} (You took it off an orc knight on level 13 of the Dungeon)
 29932 | D:13     | Lost intelligence.
 29963 | D:13     | Identified a scroll of acquirement
 29966 | D:13     | Got a distressingly furry crystal plate armour
 29977 | D:13     | Identified the +2 crystal plate armour of Gravity {*Slow Str+5 Dex+3} (You acquired it on level 13 of the Dungeon)
 30327 | D:13     | Noticed a sphinx
 30348 | D:13     | Killed a sphinx
 30357 | D:13     | Reached XP level 16. HP: 123/157 MP: 15/15
 30371 | D:13     | Received a gift from Trog
 30375 | D:13     | Noticed a sphinx
 30381 | D:13     | Killed a sphinx
 31709 | D:14     | Found a hide-covered altar of Uskayaw.
 32321 | D:14     | Reached skill level 1 in Evocations
 32508 | D:15     | Entered Level 15 of the Dungeon
 32565 | D:15     | Received a gift from Trog
 32732 | D:15     | Found a sacrificial altar of Ru.
 33176 | D:15     | Found a staircase to the Depths.
 33801 | Shoals:1 | Entered Level 1 of the Shoals
 34051 | Elf:1    | Entered Level 1 of the Elven Halls
 34264 | Elf:1    | Reached skill level 5 in Dodging
 34436 | Elf:1    | Noticed moogleknight's ghost (journeyman OpEn)
 34459 | Elf:1    | Killed moogleknight's ghost
 35472 | Elf:1    | Cast into level 2 of the Abyss (a deep elf sorcerer)
 35476 | Abyss:2  | Found a corrupted altar of Lugonu.
 35608 | Abyss:2  | Gained mutation: You are robust. (+10% HP) [a neqoxec]
 35611 | Abyss:2  | Gained mutation: You occasionally shout uncontrollably at your foes. [a neqoxec]
 35770 | Abyss:2  | Paralysed by accursed screaming for 1 turns
 35773 | Abyss:2  | Received a gift from Trog
 35968 | Abyss:2  | Reached XP level 17. HP: 184/184 MP: 6/19
 35988 | Elf:1    | Escaped the Abyss
 36716 | Elf:2    | Found Nessofepp's Food Shop.
 37185 | Elf:2    | Received a gift from Trog
 37302 | Elf:2    | Found Onyu's Food Shop.
 37387 | Elf:2    | Found a huge runed gate.
 37387 | Elf:2    | Found a huge runed gate.
 37387 | Elf:2    | Found a huge runed gate.
 37387 | Elf:2    | Found a huge runed gate.
 37387 | Elf:2    | Found a huge runed gate.
 37457 | Elf:3    | Entered Level 3 of the Elven Halls
 38049 | Elf:3    | Noticed a deep elf master archer
 38051 | Elf:3    | Noticed a deep elf blademaster
 38052 | Elf:3    | Noticed a deep elf master archer
 38053 | Elf:3    | Noticed a deep elf blademaster
 38055 | Elf:3    | Cast into level 2 of the Abyss (a deep elf sorcerer)
 38410 | Elf:3    | Escaped the Abyss
 38425 | Elf:3    | Killed from afar by a crystal guardian

Vault maps used:
D:1:      nicolae_arrival_somewhat_less_tricky_arrival
D:2:      nicolae_ashenzari_panopticon
D:3:      nicolae_overflow_hidden_temple, grunt_ministairs_14,
          minmay_randomly_rotated_circles
D:4:      lemuel_round_altar, first_bread, uniq_pikel, uniq_ijyb, uniq_duvessa
D:5:      minmay_temple_entry_butterflies
D:6:      kennysheep_little_box, serial_shops, shop_statue,
          trog_eyes_of_draining, uniq_eustachio
D:7:      minmay_klotski, nicolae_overflow_crystal_walls,
          lemuel_mausoleum_altar_yredelemnul, minmay_three_doors
D:8:      grunt_temple_overflow_gold_and_silver, kennysheep_mini
D:9:      serial_shops, shop, the_bakery
D:10:     minmay_lair_entry_grove, minmay_strange_pillars
D:11:     orc_0_dummy, lemuel_old_faithful, uniq_erica
D:12:     lab_entry_generic, uniq_kirke, uniq_urug
D:13:     david_vaults_3, minmay_the_grid_square_5x5_3x3_mashed
D:14:     serial_park_square3
D:15:     hangedman_depths_entry_try_elsewhere_first,
          nicolae_ru_sacrificial_ziggurat
Lair:1:   uniq_sonja
Lair:2:   nicolae_quartered_pool_medium, uniq_nergalle
Lair:3:   elwin_shoals_entry_stream, eino_small_chamber_without_monster,
          serial_bayou_shore_a, infiniplex_staircase_pool_2, grunt_megastairs_4,
          uniq_snorg
Lair:4:   minmay_snake_entry_spellcaster, beast_lair_carwin_8
Lair:5:   slime_altar_1, kennysheep_rathole, lemuel_fruit_tree
Lair:6:   minmay_lair_end_enchanted_forest, bobbens_dragon_lair_wall,
          minmay_lair_oklob_chamber, grunt_megastairs_3
Shoals:1: serial_shops, shop_statue
Orc:1:    serial_shops, shop_fountains, basic_altar, uniq_fannar, uniq_josephine
Orc:2:    grunt_orc_tribal_feast, portal_ice_cave_entry_imps
Elf:1:    eino_elf_arrival_customs, hangedman_elf_represent, lemuel_statue_altar
Elf:2:    serial_shops, nicolae_shop_trees, nicolae_shop_behind_doors
Elf:3:    minmay_elf_hall_golems
Abyss:2:  hangedman_abyss_or_decor_slice, hangedman_elemental_corridor
Lab:      labyrinth_skeletal_remains, nicolae_lab_quarters,
          nicolae_lab_flowing_pool
IceCv:    ice_cave_small_necro

Skill      XL: |  1  2  3  4  5  6  7  8  9 10 11 12 13 14 15 16 17 |
---------------+----------------------------------------------------+-----
Axes           | 4 5 6 8 10 13 16 17 18 20 21 | 21.9
Fighting       | 4 6 7 10 13 15 16 17 19 | 19.4
Armour         | 3 4 6 9 11 12 14 15 16 17 | 17.5
Maces & Flails | 1 4 |  4.3
Polearms       | 4 5 |  5.9
Evocations     | 4 |  4.3
Dodging        | 6 8 |  8.1

Action                   |  1- 3 |  4- 6 |  7- 9 | 10-12 | 13-15 | 16-18 || total
-------------------------+-------+-------+-------+-------+-------+-------++-------
Melee: Hand axe          |    64 |    49 |       |       |       |       ||   113
       Headbutt          |     8 |    20 |    54 |   131 |   320 |   155 ||   688
       War axe           |       |    77 |   200 |   475 |    13 |       ||   765
       Whip              |       |       |    89 |       |       |       ||    89
       Bardiche          |       |       |       |   116 |       |       ||   116
       Great mace        |       |       |       |     3 |       |       ||     3
       Broad axe         |       |       |       |       |  1124 |    26 ||  1150
       Executioner's axe |       |       |       |       |    25 |   470 ||   495
Invok: Berserk           |       |     2 |     1 |    12 |     7 |     8 ||    30
       Brothers in Arms  |       |       |       |     2 |    12 |     2 ||    16
       Trog's Hand       |       |       |       |     1 |     1 |     6 ||     8
       Burn Spellbooks   |       |       |       |       |     1 |       ||     1
Evoke: Wand              |       |       |       |       |     1 |       ||     1
       Box of beasts     |       |       |       |       |       |     1 ||     1
  Use: Scroll            |       |     9 |     1 |    14 |    17 |    10 ||    51
       Potion            |       |       |       |     4 |     2 |     5 ||    11
 Stab: Invisible         |       |       |       |       |     5 |       ||     5
       Distracted        |       |       |       |       |     2 |     2 ||     4
  Eat: Chunk             |     2 |     6 |     6 |    17 |    15 |    20 ||    66
       Bread ration      |       |       |     1 |     6 |     6 |     1 ||    14
       Fruit             |       |       |       |       |    13 |    11 ||    24
       Meat ration       |       |       |       |       |     4 |       ||     4
Armor: Animal skin       |     3 |       |       |       |       |       ||     3
       Ring mail         |    21 |     6 |       |       |       |       ||    27
       Plate armour      |       |    94 |   159 |   336 |   857 |       ||  1446
       Crystal plate arm |       |       |       |       |    78 |   322 ||   400
Dodge: Dodged            |    39 |    57 |    81 |   206 |   542 |   208 ||  1133
